 Dungeon Crawl Stone Soup version 0.23.2 (webtiles) character file.

Game seed: 13616679660962671621

1042 Illumine the Cleaver (level 8, -1/66 HPs)
             Began as a Minotaur Fighter on Oct 2, 2019.
             Was an Initiate of Makhleb.
             Slain by a gnoll sergeant
             ... wielding a +0 trident
              (6 damage)
             ... while paralysed by Grinder
             ... on level 6 of the Dungeon.
             The game lasted 00:04:06 (2726 turns).

Illumine the Cleaver (Minotaur Fighter)             Turns: 2726, Time: 00:04:07

Health: -1/66      AC:  9    Str: 28    XL:     8   Next: 4%
Magic:  7/7        EV:  2    Int:  5    God:    Makhleb [......]
Gold:   172        SH:  0    Dex: 10    Spells: 7/7 levels left

rFire    + + .     SeeInvis .   a - +0 war axe
rCold    . . .     Gourm    .   l - +5 large shield "Aleroc" {rF++}
rNeg     . . .     Faith    .   i - +0 chain mail
rPois    .         Spirit   .   (helmet restricted)
rElec    .         Reflect  +   (no cloak)
rCorr    .         Harm     .   (no gloves)
MR       .....                  (no boots)
Stlth    ..........             p - +6 amulet of reflection
HPRegen  0.21/turn              (no ring)
MPRegen  0.10/turn              (no ring)

@: paralysed, mighty
A: retaliatory headbutt, horns 2
a: Renounce Religion


You were on level 6 of the Dungeon.
You worshipped Makhleb.
Makhleb was noncommittal.
You were not hungry.

You visited 2 branches of the dungeon, and saw 7 of its levels.

You collected 172 gold pieces.

Inventory:

Hand Weapons
 a - a +0 war axe (weapon)
Armour
 i - a +0 chain mail (worn)
 l - the +5 large shield "Aleroc" (worn) {rF++}
   (You found it on level 5 of the Dungeon)

   It greatly protects you from fire.
Jewellery
 p - a +6 amulet of reflection (around neck)
Wands
 r - a wand of iceblast (11)
 v - a wand of acid (4)
Scrolls
 g - 2 scrolls of identify
 h - a scroll of amnesia {unknown}
 j - 2 scrolls of remove curse
 n - a scroll of noise {unknown}
 o - a scroll of immolation {unknown}
 q - a scroll of fear {unknown}
 s - a scroll of teleportation
 w - a scroll of fog
Potions
 d - a potion of might
 e - 4 potions of curing
 t - 2 potions of haste
Comestibles
 f - 8 rations


   Skills:
 + Level 3.8 Fighting
 + Level 9.2 Axes
 + Level 3.7 Armour
 + Level 0.2 Dodging
 * Level 7.5 Shields
 * Level 0.2 Invocations


You had 7 spell levels left.
You didn't know any spells.
Your spell library was empty.

Dungeon Overview and Level Annotations

Branches:
Dungeon (6/15)             Temple (1/1) D:5

Altars:
Ashenzari
Cheibriados
Dithmenos
Elyvilon
Fedhas
Gozag
Kikubaaqudgha
Makhleb
Nemelex Xobeh
Qazlal
Sif Muna
Uskayaw
Wu Jian
Yredelemnul
Zin
The Shining One

Annotations:
D:6 Grinder


Innate Abilities, Weirdness & Mutations

You reflexively headbutt those who attack you in melee.
You have a pair of horns on your head.


Message History

The orc hits you but does no damage.
The orc wizard points at you and mumbles some strange words.
The magic dart hits you. The orc hits you but does no damage.
You feel less confused.
The gnoll sergeant hits you but does no damage.
The orc hits you but does no damage. Grinder hits you.
* * * LOW HITPOINT WARNING * * *
You writhe in agony.
* * * LOW HITPOINT WARNING * * *
The orc wizard hits you but does no damage.
The orc hits you but does no damage.
The gnoll sergeant hits you with a +0 trident!
* * * LOW HITPOINT WARNING * * *
The orc hits you but does no damage.
Grinder blinks!
The orc wizard hits you but does no damage.
The orc hits you with a +0 club.
* * * LOW HITPOINT WARNING * * *
The orc hits you but does no damage.
The gnoll sergeant hits you with a +0 trident.
You die...

#.. #.... #..
##... ###...
#..# >...#.###<#
#........#####
##.#.#.......#
###.#.).....5...
......g.o.......
###....@o.......
#.#...o.......
#.#........... .
#........... .
...........
............
#............
#.#..........


You could see Grinder, a gnoll sergeant, an orc wizard and 2 orcs.

Vanquished Creatures
  A sky beast (D:5)
  2 ogres
  A phantom (D:4)
  A centaur (D:5)
  2 howler monkeys (D:5)
  A crimson imp (D:4)
  6 orc priests
  2 centaur skeletons
  An orc wizard (D:4)
  An iguana (D:5)
  2 worker ants (D:4)
  A hound zombie (D:5)
  2 adders
  3 gnolls (D:6)
  3 shadow imps (D:5)
  2 oozes
  2 worms
  3 leopard geckos
  16 orcs
  5 bats
  A giant cockroach (D:1)
  3 goblins
  4 hobgoblins
  8 jackals
  A ball python (D:3)
  2 frilled lizards (D:1)
  5 kobolds
  6 rats
87 creatures vanquished.

Notes
Turn   | Place    | Note
-------+----------+-------------------------------------------
     0 | D:1      | Illumine the Minotaur Fighter began the quest for the Orb.
     0 | D:1      | Reached XP level 1. HP: 19/19 MP: 0/0
   105 | D:1      | Reached XP level 2. HP: 17/27 MP: 1/1
   266 | D:1      | Reached skill level 3 in Axes
   669 | D:1      | Reached XP level 3. HP: 33/33 MP: 2/2
   745 | D:2      | Found a faded altar of an unknown god.
   792 | D:2      | Found a sparkling altar of Nemelex Xobeh.
   916 | D:2      | Reached skill level 4 in Axes
   916 | D:2      | Reached XP level 4. HP: 39/40 MP: 3/3
  1028 | D:3      | Noticed an ogre
  1034 | D:3      | Killed an ogre
  1034 | D:3      | Reached skill level 5 in Axes
  1034 | D:3      | Reached skill level 5 in Shields
  1034 | D:3      | Reached XP level 5. HP: 27/46 MP: 4/4
  1112 | D:4      | Reached skill level 6 in Axes
  1293 | D:4      | Reached XP level 6. HP: 25/52 MP: 5/5
  1506 | D:4      | Found a shadowy altar of Dithmenos.
  1512 | D:4      | Found an opulent altar of Gozag.
  1515 | D:4      | Found a basalt altar of Yredelemnul.
  1639 | D:4      | Reached skill level 7 in Axes
  1711 | D:5      | Entered Level 5 of the Dungeon
  1768 | D:5      | Reached XP level 7. HP: 57/58 MP: 6/6
  1894 | D:5      | Reached skill level 8 in Axes
  1957 | D:5      | HP: 1/58 [sky beast (6)]
  2164 | D:5      | Got a translucent large shield
  2175 | D:5      | Identified the +5 large shield "Aleroc" {rF++} (You found
                  | it on level 5 of the Dungeon)
  2456 | D:5      | Found a staircase to the Ecumenical Temple.
  2465 | D:5      | Reached skill level 9 in Axes
  2468 | D:5      | Reached XP level 8. HP: 58/66 MP: 7/7
  2479 | Temple   | Entered the Ecumenical Temple
  2640 | Temple   | Became a worshipper of Makhleb the Destroyer
  2700 | D:6      | Noticed Grinder
  2710 | D:6      | Paralysed by Grinder for 7 turns
  2721 | D:6      | Paralysed by Grinder for 6 turns
  2726 | D:6      | Slain by a gnoll sergeant

Skill      XL: |  1  2  3  4  5  6  7 |
---------------+----------------------+-----
Axes           | 3 4 5 6 7 9 |  9.2
Shields        | 4 5 6 7 |  7.5
Fighting       | |  3.8
Armour         | |  3.7
Dodging        | |  0.2
Invocations    | |  0.2

Action                   |  1- 3 |  4- 6 |  7- 9 || total
-------------------------+-------+-------+-------++-------
Melee: War axe           |    91 |    78 |    83 ||   252
       Headbutt          |    13 |    14 |    15 ||    42
  Use: Potion            |       |     1 |     3 ||     4
       Scroll            |       |       |     9 ||     9
  Eat: Chunk             |       |     3 |     1 ||     4
       Ration            |       |       |     1 ||     1
Armor: Scale mail        |    21 |       |       ||    21
       Chain mail        |    24 |    34 |    50 ||   108
Dodge: Dodged            |    23 |    15 |    15 ||    53
Block: Shield            |    56 |    34 |    31 ||   121
       Large shield      |       |       |    42 ||    42
       Reflection        |       |       |     2 ||     2
